 Dungeon Crawl Stone Soup version 0.22-b1-21-g5cfc168 (webtiles) character file.

56 tyranidshit the Skirmisher (level 3, 0/31 HPs)
             Began as a Demonspawn Abyssal Knight on Aug 2, 2018.
             Was a Follower of Lugonu.
             Slain by Sigmund
             ... wielding a +0 scythe
              (6 damage)
             ... on level 2 of the Dungeon.
             The game lasted 00:03:03 (1041 turns).

tyranidshit the Skirmisher (DsAK)                   Turns: 1041, Time: 00:03:04

Health: 0/31       AC: 11    Str: 13    XL:     3   Next: 69%
Magic:  4/4        EV:  5    Int: 13    God:    Lugonu [*.....]
Gold:   99         SH:  7    Dex: 12    Spells: 2/2 levels left

rFire    . . .     SeeInvis .   a - +2 hand axe
rCold    . . .     Gourm    .   k - +0 buckler
rNeg     . . .     Faith    .   o - -2 chain mail (curse)
rPois    .         Spirit   .   i - +2 helmet
rElec    .         Reflect  .   j - +1 cloak
rCorr    .         Harm     .   (no gloves)
MR       .....                  (no boots)
Stlth    ..........             (no amulet)
HPRegen  0.10/turn              e - ring of wizardry
MPRegen  0.09/turn              (no ring)

@: no status effects
A: large bone plates 1
a: Depart the Abyss, Renounce Religion


You were on level 2 of the Dungeon.
You worshipped Lugonu.
Lugonu was aware of your devotion.
You were hungry.

You visited 1 branch of the dungeon, and saw 2 of its levels.
You visited the Abyss 1 time.

You collected 99 gold pieces.

Inventory:

Hand Weapons
 a - a +2 hand axe (weapon)
Armour
 b - a +1 leather armour
 g - a +0 ring mail
 i - a +2 helmet (worn)
 j - a +1 cloak (worn)
 k - a +0 buckler (worn)
 o - a cursed -2 chain mail (worn)
Jewellery
 e - a ring of wizardry (left hand)
Scrolls
 d - 2 scrolls of identify
 f - a scroll of amnesia
 l - a scroll of remove curse
Potions
 m - a potion of resistance {unknown}
 n - a potion of invisibility
Comestibles
 c - 4 rations


   Skills:
 + Level 4.7 Fighting
 - Level 1.7 Axes
 - Level 1.7 Armour
 - Level 0.8 Dodging
 - Level 2.4 Invocations


You had 2 spell levels left.
You didn't know any spells.
Your spell library contained the following spells:

 Spells                   Type           Power        Failure   Level  Hunger
 Magic Dart               Conj           #...         99%         1    ##.....
 Conjure Flame            Conj/Fire      #.......     100%        3    ####...
 Slow                     Hex            #.......     100%        2    ###....
 Mephitic Cloud           Conj/Pois/Air  #.......     100%        3    ####...
 Blink                    Tloc           N/A          100%        2    ###....
 Call Imp                 Summ           #.......     100%        2    ###....


Dungeon Overview and Level Annotations

Branches:
Dungeon (2/15)

Altars:
Ashenzari
Hepliaklqana
Zin

Annotations:
D:2 Sigmund


Innate Abilities, Weirdness & Mutations

You are partially covered in large bone plates. (SH +4)


Message History

Sigmund is severely wounded.
You hit the hobgoblin.
You kill the hobgoblin!
Lugonu accepts your kill.
Unknown command.
Your chain mail prevents you from hitting Sigmund.
Sigmund is severely wounded.
You are feeling hungry.
Sigmund's eyes start glowing with a red light.
Sigmund casts a spell.
Sigmund flickers and vanishes!
Deactivating autopickup; reactivate with Ctrl-A.
Something hits you.
You hit something. You closely miss something.
Something hits you but does no damage.
Your chain mail prevents you from hitting something.
Something hits you.
* * * LOW HITPOINT WARNING * * *
You hit something. Something hits you.
You die...

#.# #....# #.#. #.###..... .#.#
.#####.##...... #>........
............#### #.##.#(#.#
#.###.#.##......
#.##.#.#.#+#####+###.......#...
#.##.#.#........)..##...####...
#.##.#.#...........#....#⌠.##+#
#.##.#.#...(.(@{...#...........
#.##.#'#.#'##..(...#.#####.....
#........#.##......#. #.....
#........#.##......# +).._(
#........#.##......#. #.....
#........#.##......#.#####.....
#.)......#.#####+###....#).....
###.)..#+#.#.# #..#⌠.##+#
#........#.#.# #...#.#...


There were no monsters in sight!

Vanquished Creatures
  Terence (D:2)
  3 bats
  8 goblins
  6 hobgoblins
  3 kobolds
  A ball python (D:2)
  2 frilled lizards
  A rat (D:1)
25 creatures vanquished.

Notes
Turn   | Place    | Note
-------+----------+-------------------------------------------
     0 | Abyss:1  | tyranidshit the Demonspawn Abyssal Knight began the quest for the Orb.
     0 | Abyss:1  | Reached XP level 1. HP: 18/18 MP: 2/2
    87 | Abyss:2  | Noticed a starcursed mass
   126 | D:1      | Escaped the Abyss
   287 | D:1      | Gained mutation: You are partially covered in large bone plates. (SH +4) [demonic ancestry]
   287 | D:1      | Reached XP level 2. HP: 7/24 MP: 3/3
   444 | D:1      | Reached * piety under Lugonu
   538 | D:1      | Reached skill level 4 in Fighting
   713 | D:2      | Found a shattered altar of Ashenzari.
   723 | D:2      | Noticed Terence
   738 | D:2      | Killed Terence
   738 | D:2      | Reached XP level 3. HP: 30/31 MP: 4/4
   918 | D:2      | Found a glowing silver altar of Zin.
   919 | D:2      | Found a hazy altar of Hepliaklqana.
  1025 | D:2      | Noticed Sigmund
  1041 | D:2      | Slain by Sigmund

Skill      XL: |  1  2 |
---------------+-------+-----
Fighting       | 4 |  4.7
Axes           | |  1.7
Armour         | |  1.7
Dodging        | |  0.8
Invocations    | |  2.4

Action                   || total
-------------------------++-------
Melee: Hand axe          ||    95
Invok: Depart the Abyss  ||     1
  Use: Scroll            ||     7
       Potion            ||     4
Armor: Leather armour    ||     3
       Ring mail         ||    12
       Chain mail        ||    10
Dodge: Dodged            ||    31
Block: Buckler           ||    14
       Other             ||     4
